 Dungeon Crawl Stone Soup version 0.31-a0-981-geadf994542 (webtiles) character file.

Game seed: 9798930832215159391

2678 Dirtsage the Martial Artist (level 9, -13/62 HPs)
             Began as an Octopode Shapeshifter on Oct 31, 2023.
             Was a Believer of Wu Jian.
             Mangled by an orc warrior
             ... wielding a +0 glaive
              (19 damage)
             ... on level 7 of the Dungeon.
             The game lasted 00:18:06 (7253 turns).

Dirtsage the Martial Artist (Octopode Shapeshifter) Turns: 7253, Time: 00:18:07

Health: -13/62     AC:  1    Str: 14    XL:     9   Next: 64%
Magic:  9/9        EV: 13    Int: 12    God:    Wu Jian [**....]
Gold:   330        SH:  0    Dex: 15    Spells: 8/8 levels left

rFire   + .          .
                       - Unarmed
rCold   . . .        (no shield)
rNeg    . . .        (helmet currently unavailable)
rPois   .            (no amulet)
rElec   .            F - ring of protection from fire
rCorr   .            (no ring)
SInv    .            (no ring)
Will    .....        (no ring)
Stlth   ++           (no ring)
HPRegen 0.30/turn    (no ring)
MPRegen 0.11/turn    (no ring)
                     (no ring)

%: no passive effects
@: beast-form
A: beast (slay +4), almost no armour, amphibious, 8 rings, camouflage 1,
gelatinous body 1, (nimble swimmer 1), tentacles
a: Begin Untransformation, Renounce Religion, Wall Jump


You were on level 7 of the Dungeon.
You worshipped Wu Jian.
Wu Jian was pleased with you.
You were a hulking beast.
You visited 2 branches of the dungeon, and saw 8 of its levels.

You collected 330 gold pieces.

Inventory:

Missiles
 g - a throwing net
Jewellery
 F - a ring of protection from fire (left tentacle)
Talismans
 b - a beast talisman
 t - a flux talisman
Wands
 p - a wand of flame (4)
 u - a wand of light (11)
Scrolls
 d - a scroll of fog {unknown}
 h - a scroll of revelation
 i - a scroll of enchant weapon {unknown}
 j - 3 scrolls of teleportation {unknown}
 k - a scroll of blinking {unknown}
 o - 4 scrolls of torment
 r - a scroll of noise {unknown}
 s - 2 scrolls of poison
 v - a scroll of amnesia {unknown}
 w - a scroll of butterflies {unknown}
 x - a scroll of silence {unknown}
Potions
 a - a potion of lignification
 c - 3 potions of brilliance
 e - 2 potions of enlightenment {unknown}
 f - 2 potions of berserk rage {unknown}
 l - a potion of heal wounds
 m - 2 potions of mutation
 n - 2 potions of attraction
 q - 2 potions of curing


   Skills:
 + Level 5.7 Fighting
 - Level 2.0 Dodging
 * Level 8.7 Unarmed Combat
 * Level 8.0 Shapeshifting


You had 8 spell levels left.
You didn't know any spells.
Your spell library contained the following spells:

 Spells                   Type           Power      Damage    Failure   Level
 Lesser Beckoning         Tloc           0%         N/A       45%         2
 Poisonous Vapours        Pois/Air       0%         N/A       45%         2
 Gell's Gravitas          Tloc           0%         N/A       69%         3
 Mephitic Cloud           Conj/Pois/Air  0%         N/A       69%         3
 Teleport Other           Tloc           0%         N/A       69%         3
 Freezing Cloud           Conj/Ice/Air   0%         6-21      100%        5


Dungeon Overview and Level Annotations

Branches:
Dungeon (7/15)             Temple (1/1) D:4

Altars:
Ashenzari
Cheibriados
Dithmenos
Elyvilon
Fedhas
Gozag
Hepliaklqana
Kikubaaqudgha
Makhleb
Qazlal
Sif Muna
Trog
Uskayaw
Vehumet
Wu Jian
Xom
Yredelemnul
The Shining One

Shops:
D:4 *

Annotations:
D:4 1 runed translucent door, Torious's ghost, amateur DECj


Innate Abilities, Weirdness & Mutations

You are a hulking beast.
Your limbs bulge with bestial killing power. (Slay +4)
You cannot wear most types of armour.
You are amphibious.
You can wear up to eight rings at the same time.
Your skin changes colour to match your surroundings (Stealth+).
Your rubbery body absorbs attacks. (AC +1, EV +1)
((You are camouflaged when in or above water. (Stealth+)))
You have tentacles for arms and can constrict up to eight enemies at once.


Message History

The orc throws a stone.
The stone hits you.
You take 3 damage, and have 57/62 hp.
You completely miss the orc. You grab the orc. You constrict the orc.
The orc hits you with a +0 whip.
You take 2 damage, and have 56/62 hp.
You bludgeon the orc!
You kill the orc!
The Council accepts your kill.
Things that are here:
a +0 whip; 5 stones; an orc corpse The orc warrior shouts!
The orc warrior unwields a +0 glaive.
The orc warrior wields a +0 orcbow.
The orc warrior shoots an arrow.
The arrow hits you!
You take 11 damage, and have 46/62 hp.
The orc warrior shoots an arrow.
The arrow misses you.
You closely miss the orc warrior. You grab the orc warrior.
Your squeeze misses the orc warrior.
You constrict the orc warrior, but do no damage.
The orc warrior unwields a +0 orcbow.
The orc warrior wields a +0 glaive.
The orc warrior hits you with a +0 glaive!
You take 10 damage, and have 37/62 hp.
You tentacle-slap the orc warrior but do no damage.
You constrict the orc warrior.
You tentacle-slap the orc warrior but do no damage.
You squeeze the orc warrior!
The orc warrior is moderately wounded.
You constrict the orc warrior, but do no damage.
The orc warrior hits you with a +0 glaive!
You take 14 damage, and have 23/62 hp.
MASSIVE DAMAGE!!
You tentacle-slap the orc warrior. You squeeze the orc warrior!
The orc warrior is severely wounded.
You constrict the orc warrior, but do no damage.
The orc warrior hits you with a +0 glaive!!
* * * LOW HITPOINT WARNING * * *
You take 17 damage, and have 6/62 hp.
MASSIVE DAMAGE!!
You tentacle-slap the orc warrior.
The orc warrior is almost dead.
You constrict the orc warrior, but do no damage.
The orc warrior hits you with a +0 glaive!!
You die...

.#.............#.#
)#...#.#######.#.#
.###.#########.#)#
...............#)########
####.##########.........#
........................#
######.#######..........#
..))).<.....##..........#
...###.####.###.ho......#
............###.........#
.............).....>....#
.......#.##.............###
..#.#..#.##....####........
#.#.#..#.##....# ##........
....#..#.####### #.........
########.# ###.........
.......#.# ###...........


You could see an orc warrior.

Vanquished Creatures
  Pikel (D:4)
  Eustachio (D:4)
  Edmund (D:4)
  2 water moccasins
  A black bear (D:5)
  A sky beast (D:7)
  An ice beast (D:6)
  A centaur (D:7)
  A lemure (D:4)
  A kobold brigand (D:6)
  3 scorpions
  3 killer bees (D:7)
  3 howler monkeys
  2 vampire bats (D:5)
  A gnoll bouda (D:4)
  2 hounds
  2 orc priests
  4 iguanas
  9 orc wizards
  A sleepcap (D:5)
  5 adders
  12 gnolls
  2 white imps (D:5)
  4 ufetubi
  A worm (D:2)
  A dart slug (D:2)
  41 orcs
  11 ball pythons
  4 bat skeletons (D:5)
  A bat zombie (D:5)
  3 endoplasms
  2 giant cockroaches (D:3)
  14 goblins
  3 hobgoblins
  4 jackals (D:1)
  3 quokkas
  2 bats
  A frilled lizard (D:1)
  15 kobolds
  6 rats
176 creatures vanquished.

Notes
Turn   | Place    | Note
-------+----------+-------------------------------------------
     0 | D:1      | Dirtsage the Octopode Shapeshifter began the quest for the
                  | Orb.
     0 | D:1      | Reached XP level 1. HP: 13/13 MP: 1/1
   122 | D:1      | Reached XP level 2. HP: 18/18 MP: 2/2
   732 | D:1      | Reached XP level 3. HP: 20/23 MP: 3/3
  1508 | D:3      | Reached XP level 4. HP: 19/29 MP: 4/4
  1739 | D:3      | Reached XP level 5. HP: 17/34 MP: 5/5
  2652 | D:4      | Noticed Torious's ghost (amateur DECj)
  2652 | D:4      | Found a runed translucent door.
  2716 | D:4      | Reached XP level 6. HP: 24/41 MP: 6/6
  2863 | D:4      | Noticed Eustachio
  2891 | D:4      | Killed Eustachio
  2892 | D:4      | Reached skill level 5 in Unarmed Combat
  2892 | D:4      | Reached skill level 5 in Shapeshifting
  3100 | D:4      | Noticed Pikel
  3112 | D:4      | Killed Pikel
  3113 | D:4      | Reached XP level 7. HP: 14/47 MP: 7/7
  3113 | D:4      | Reached XP level 8. HP: 16/54 MP: 8/8
  3264 | D:4      | Noticed Edmund
  3314 | D:4      | Killed Edmund
  3505 | D:4      | Found Pihuqenk's Assorted Antiques.
  4032 | D:4      | Found a staircase to the Ecumenical Temple.
  4116 | Temple   | Entered the Ecumenical Temple
  4137 | Temple   | Became a worshipper of the Wu Jian Council
  4166 | D:5      | Entered Level 5 of the Dungeon
  4503 | D:5      | Reached * piety under Wu Jian
  5097 | D:5      | Found a white marble altar of Elyvilon.
  5211 | D:5      | Found a blossoming altar of Fedhas.
  5279 | D:5      | Found an ancient bone altar of Kikubaaqudgha.
  5506 | D:6      | Reached XP level 9. HP: 60/60 MP: 9/9
  5511 | D:6      | Reached skill level 5 in Fighting
  6089 | D:7      | Reached ** piety under Wu Jian
  6626 | D:7      | Identified the +9 dagger of Stained Integrity {spect,
                  | Dex+2}
  7253 | D:7      | Mangled by an orc warrior

Illustrated notes

Levels and vault maps discovered:
D:1:      dpeg_arrival_rhombus, layout_basic
D:2:      layout_rooms
D:3:      corexii_shack_village, layout_basic, kennysheep_generic_room_8
D:4:      layout_basic, minmay_temple_entry_enclosed_plants, serial_shops, shop,
          gammafunk_ghost_grave, uniq_edmund, uniq_eustachio, uniq_pikel
D:5:      layout_cave_pools, kennysheep_vampire_church, elyvilon_altar_4,
          mainiacjoe_overflow_six_doors_small
D:6:      layout_basic
D:7:      layout_basic, minivault_1
Temple:   regret_index_temple_waves

Skill      XL: |  1  2  3  4  5  6  7  8  9 |
---------------+----------------------------+-----
Fighting       | 2 3 4 5 |  5.7
Unarmed Combat | 4 6 7 8 |  8.7
Shapeshifting  | 4 5 7 8 |  8.0
Dodging        | |  2.0

Action                     |  1- 3 |  4- 6 |  7- 9 || total
---------------------------+-------+-------+-------++-------
  Melee: Unarmed           |    65 |   111 |   213 ||   389
         Constrict         |    14 |    29 |    55 ||    98
         Tentacles         |    12 |    22 |    45 ||    79
         Punch             |       |     4 |    11 ||    15
  Throw: Throwing net      |       |     2 |     1 ||     3
Ability: Lunge             |       |       |    14 ||    14
         Whirlwind         |       |       |     2 ||     2
  Evoke: Wand              |       |     7 |     3 ||    10
    Use: Scroll            |     3 |     1 |     1 ||     5
         Potion            |       |     3 |     3 ||     6
   Stab: Sleeping          |     9 |     3 |     5 ||    17
 Armour: Skin              |    18 |    61 |   134 ||   213
  Dodge: Dodged            |    39 |    63 |   127 ||   229

Table legend: (Time is in decaauts)
 A = Elapsed time spent in this place.
 B = Non-inter-level travel time spent in this place.
 C = Inter-level travel time spent in this place.
 D = Time resting spent in this place.
 E = Time spent auto-exploring this place.
 F = Levels seen in this place.
 G = Mean time per level.
                   A        B        C        D        E       F      G
               +--------+--------+--------+--------+--------+-----+--------+
         Total |   7214 |   6854 |    360 |    676 |   5061 |   8 |  901.8 |
       Dungeon |   7171 |   6851 |    320 |    676 |   5061 |   7 | 1024.4 |
        Temple |     42 |      2 |     40 |      0 |      0 |   1 |   42.0 |
               +--------+--------+--------+--------+--------+-----+--------+

Top non-repeatable levels by time:
     D:4: 1942 daAuts
     D:3: 1156 daAuts
     D:6: 1093 daAuts
     D:1: 1000 daAuts
     D:7: 807 daAuts
     D:5: 687 daAuts
     D:2: 484 daAuts
  Temple: 42 daAuts
